Map: Year Zero LE

Players

Lambo - Winner!

  • Race: Zerg Zerg
  • Spawn Location: 11:00

Ziggy

  • Race: Terran Terran
  • Spawn Location: 1:00

Event: 2019 WCS Spring

VOD

Have the link to the VOD?

Description

Time

  • Played on: May 17, 2019, 6:50 a.m.
  • Length: 16:25

All games in this series

Show
View Real Time Build Order
Export as new Build Order

Lambo Zerg - Winner!

Build Orders: Pool First 

Get SALT Encoding   

  12  0:00  Drone  
  13  0:13  Overlord  
  13  0:18  Drone  
  14  0:31  Drone x2  
  16  0:41  Spawning Pool  
  15  0:45  Drone  
  17  0:50  Drone  
  17  1:10  Hatchery  
  16  1:13  Drone  
  17  1:28  Zergling x6  
  20  1:33  Queen  
  20  1:39  Extractor  
  21  1:43  Overlord  
  21  1:51  Drone  
  22  2:02  Drone  
  23  2:08  Queen  
  23  2:13  Drone  
  27  2:22  Drone  
  27  2:23  Drone  
  28  2:33  Drone  
  28  2:34  Drone  
  30  2:40  Drone  
  30  2:42  Hatchery  
  30  2:47  Drone  
  30  2:51  Overlord  
  31  2:53  Metabolic Boost  
  31  2:56  Drone  
  31  3:04  Overlord  
  31  3:09  Queen  
  33  3:13  Drone x2  
  33  3:16  Drone  
  36  3:20  Drone x2  
  38  3:28  Drone x2  
  38  3:31  Drone x2  
  42  3:46  Drone x2  
  42  3:47  Queen  
  42  3:48  Queen  
  46  3:54  Overlord  
  48  3:56  Drone  
  48  4:00  Drone x2  
  48  4:01  Queen  
  53  4:03  Overlord  
  53  4:06  Drone  
  53  4:08  Drone x2  
  56  4:14  Drone x2  
  57  4:19  Overlord  
  57  4:20  Drone x3  
  57  4:21  Drone  
  61  4:26  Drone x2  
  61  4:28  Queen  
  65  4:31  Overlord  
  65  4:37  Lair  
  65  4:38  Drone  
  66  4:41  Overlord  
  66  4:44  Queen  
  68  4:46  Zergling x2  
  68  4:47  Zergling x2  
  68  4:48  Drone  
  68  4:52  Extractor, Baneling Nest  
  69  4:53  Extractor  
  69  4:55  Drone x2  
  69  4:58  Overlord  
  69  4:59  Drone  
  71  5:03  Drone x4  
  71  5:07  Spore Crawler x2  
  74  5:10  Spore Crawler, Drone  
  73  5:17  Queen  
  73  5:19  Drone x2  
  73  5:20  Drone x3  
  80  5:23  Extractor  
  80  5:27  Spore Crawler  
  80  5:28  Spore Crawler  
  77  5:29  Spore Crawler  
  77  5:32  Drone x4  
  80  5:36  Overseer  
  80  5:37  Extractor  
  80  5:38  Extractor  
  80  5:39  Overlord  
  80  5:40  Drone x3  
  80  5:41  Drone  
  82  5:47  Drone  
  82  5:48  Drone x5  
  88  5:53  Evolution Chamber  
  88  5:54  Queen  
  88  5:55  Evolution Chamber  
  88  5:57  Drone  
  88  5:59  Drone  
  88  6:02  Overlord  
  88  6:03  Drone x2  
  92  6:06  Drone  
  92  6:07  Drone  
  92  6:10  Drone x2  
  93  6:20  Centrifical Hooks, Drone x3  
  93  6:22  Queen  
  98  6:30  Spire  
  95  6:35  Zergling x6  
  95  6:36  Spore Crawler  
  95  6:39  Queen  
  99  6:40  Drone  
  99  6:41  Zerg Missile Weapons Level 1  
  99  6:44  Zerg Ground Armor Level 1  
  100  6:50  Overlord  
  100  6:54  Overlord  
  100  6:56  Overlord x2  
  100  6:59  Overlord  
  100  7:03  Overlord  
  100  7:04  Hydralisk Den  
  99  7:10  Overlord  
  99  7:11  Queen  
  99  7:12  Hatchery  
  99  7:14  Overlord  
  100  7:15  Drone  
  100  7:16  Overlord  
  101  7:30  Queen x2  
  101  7:32  Overseer  
  101  7:37  Zergling x8  
  107  7:41  Zerg Flyer Armor Level 1  
  107  7:42  Spore Crawler  
  107  7:47  Queen, Corruptor x3  
  107  7:48  Infestation Pit  
  114  7:55  Corruptor x2  
  118  7:59  Corruptor  
  112  8:05  Corruptor  
  112  8:06  Corruptor  
  112  8:14  Corruptor x2  
  112  8:19  Corruptor  
  115  8:25  Infestor x2  
  117  8:29  Drone x3  
  117  8:33  Drone x2  
  122  8:36  Drone x2  
  122  8:37  Zerg Melee Weapons Level 1  
  122  8:40  Infestor  
  126  8:43  Drone x2  
  128  8:50  Zerg Missile Weapons Level 2  
  128  8:56  Zergling x12  
  134  9:03  Drone x5  
  134  9:04  Extractor  
  134  9:05  Extractor  
  134  9:06  Spore Crawler  
  136  9:10  Overlord  
  136  9:12  Corruptor  
  136  9:13  Infestor  
  139  9:18  Spore Crawler  
  139  9:23  Drone x3  
  139  9:24  Spore Crawler  
  140  9:26  Corruptor  
  140  9:28  Spore Crawler  
  140  9:30  Spore Crawler  
  140  9:32  Corruptor  
  140  9:34  Neural Parasite  
  140  9:36  Zerg Flyer Weapons Level 1  
  142  9:38  Queen  
  142  9:39  Overlord  
  142  9:42  Zergling x4  
  146  9:46  Spore Crawler x2  
  146  9:50  Infestor x2  
  145  10:00  Infestor x2  
  145  10:03  Drone x4  
  153  10:17  Overlord  
  153  10:24  Corruptor x4  
  153  10:26  Overlord  
  161  10:29  Overlord  
  161  10:31  Hive  
  161  10:38  Overlord  
  161  10:40  Zerg Melee Weapons Level 2  
  161  10:42  Overlord  
  161  10:44  Overlord  
  161  10:45  Spore Crawler  
  160  10:53  Pathogen Glands  
  160  10:54  Infestor x2  
  162  10:57  Hatchery, Queen, Extractor  
  162  10:58  Drone  
  162  11:00  Extractor  
  164  11:11  Spire  
  164  11:13  Burrow  
  164  11:16  Zergling x8  
  165  11:19  Corruptor x3  
  165  11:21  Queen  
  165  11:23  Drone x3  
  165  11:24  Drone x2  
  178  11:25  Drone  
  179  11:34  Corruptor x2  
  179  11:39  Zerg Flyer Armor Level 2  
  183  11:43  Corruptor  
  185  11:48  Corruptor  
  185  11:52  Zergling x6  
  190  11:56  Overlord, Hatchery  
  189  12:06  Infestor x2  
  193  12:18  Baneling x5  
  193  12:21  Baneling x2  
  193  12:28  Corruptor x4  
  191  12:31  Extractor  
  191  12:32  Overlord  
  191  12:35  Baneling x2  
  190  12:40  Zerg Flyer Weapons Level 2  
  190  12:45  Zergling x2  
  190  12:46  Zergling x12  
  196  12:59  Overseer x4  
  196  13:03  Corruptor  
  198  13:07  Zerg Ground Armor Level 2  
  198  13:14  Overlord  
  193  13:20  Baneling x2  
  193  13:24  Zergling x16  
  193  13:26  Spine Crawler  
  194  13:32  Zergling x14  
  194  13:44  Corruptor x2  
  198  13:56  Zergling x6  
  198  14:00  Overlord  
  198  14:02  Greater Spire  
  197  14:04  Zergling x2  
  197  14:05  Zergling x2  
  197  14:07  Pneumatized Carapace  
  159  14:47  Corruptor x3  
  159  14:48  Queen, Corruptor  
  159  14:49  Queen x2  
  159  14:50  Queen  
  175  14:57  Hatchery  
  174  15:01  Drone x3  
  183  15:14  Brood Lord x9  
  183  15:15  Brood Lord x2  
  183  15:17  Overseer x2  
  183  15:20  Infestor x11  
  183  15:21  Baneling x15  
  199  15:37  Overseer x5  
  199  15:41  Extractor  
  198  15:44  Extractor, Zergling x2  
  198  15:53  Zergling x2  
Show
View Real Time Build Order
Export as new Build Order

Ziggy Terran 

Build Orders: Command Center First (CC) 

Get SALT Encoding   

  12  0:00  SCV  
  13  0:12  SCV  
  14  0:21  Supply Depot  
  14  0:24  SCV  
  15  0:43  SCV  
  16  0:55  SCV  
  17  1:01  Command Center  
  17  1:07  SCV  
  18  1:16  Barracks  
  18  1:20  SCV  
  18  1:24  Refinery  
  19  1:29  Refinery  
  20  1:32  SCV  
  20  1:45  SCV, Supply Depot  
  21  2:02  Orbital Command  
  21  2:10  Factory  
  21  2:21  Orbital Command  
  21  2:25  Marine  
  21  2:29  SCV  
  23  2:39  Refinery  
  23  2:41  SCV  
  23  2:43  Marine  
  24  2:48  SCV  
  25  2:55  SCV  
  25  3:00  Hellion, Marine  
  25  3:03  SCV  
  29  3:08  Starport  
  29  3:13  SCV  
  29  3:16  SCV  
  29  3:19  Marine  
  32  3:22  Bunker  
  32  3:25  Factory Reactor  
  32  3:28  SCV  
  33  3:34  SCV, Starport  
  33  3:39  Marine  
  33  3:40  SCV  
  36  3:46  Fusion Core  
  36  3:49  SCV  
  36  3:52  SCV  
  38  3:56  Starport Tech Lab  
  38  4:01  SCV  
  39  4:04  SCV, Supply Depot  
  39  4:09  Supply Depot  
  40  4:12  Starport Tech Lab  
  40  4:17  SCV  
  40  4:19  SCV  
  42  4:30  SCV  
  42  4:31  SCV  
  44  4:34  Battlecruiser  
  50  4:47  Battlecruiser  
  50  4:50  SCV  
  50  4:52  SCV  
  58  4:54  Refinery  
  58  4:55  Supply Depot  
  58  5:01  Hellion  
  58  5:02  SCV  
  58  5:07  Weapon Refit  
  61  5:11  SCV  
  62  5:17  SCV, Hellion  
  62  5:18  Supply Depot  
  62  5:19  Supply Depot  
  65  5:23  Hellion  
  65  5:25  SCV  
  68  5:29  SCV  
  69  5:38  SCV  
  69  5:40  Battlecruiser  
  69  5:41  SCV  
  77  5:49  Command Center  
  77  6:04  Battlecruiser  
  77  6:07  SCV x2  
  85  6:11  Supply Depot  
  85  6:19  SCV  
  86  6:26  SCV, Hellion x2  
  86  6:27  Supply Depot  
  86  6:30  Supply Depot  
  86  6:31  SCV  
  92  6:38  SCV  
  93  6:43  SCV  
  93  6:44  Battlecruiser  
  100  6:50  SCV  
  100  6:52  Hellion x2  
  105  6:55  SCV  
  106  7:04  SCV  
  106  7:05  Orbital Command  
  107  7:09  Battlecruiser, Engineering Bay  
  107  7:12  SCV  
  114  7:19  SCV  
  115  7:23  Armory  
  115  7:24  Armory, SCV  
  116  7:31  SCV, Orbital Command  
  116  7:36  SCV  
  118  7:37  Refinery  
  118  7:41  Refinery  
  118  7:43  SCV  
  117  7:45  Hellion x2  
  117  7:48  SCV  
  116  7:55  SCV  
  116  7:57  Battlecruiser  
  123  8:03  SCV x2  
  125  8:07  SCV  
  126  8:15  SCV x2  
  128  8:22  SCV  
  129  8:31  Missile Turret  
  129  8:32  SCV x2, Missile Turret  
  131  8:34  SCV  
  132  8:44  SCV x2  
  132  8:45  Terran Vehicle And Ship Armor Level 1, Battlecruiser  
  132  8:47  Terran Ship Weapons Level 1  
  140  8:48  SCV  
  140  8:51  Missile Turret  
  140  8:53  Missile Turret  
  141  8:56  SCV x2  
  141  9:00  SCV  
  138  9:06  Battlecruiser  
  138  9:07  Hellion  
  138  9:08  SCV, Hellion  
  149  9:18  Supply Depot x2  
  149  9:19  SCV x2  
  149  9:22  Starport  
  149  9:23  Starport  
  151  9:29  Hellion x2  
  155  9:35  Command Center  
  155  9:37  Supply Depot  
  155  9:51  Hellion x2  
  157  9:53  Battlecruiser  
  155  10:02  Starport Tech Lab x2  
  155  10:11  Battlecruiser  
  155  10:14  Factory x2  
  161  10:15  Hellion  
  161  10:16  Hellion  
  161  10:17  Factory, Supply Depot  
  165  10:38  Hellion x2  
  165  10:41  Terran Ship Weapons Level 2  
  165  10:42  Terran Vehicle And Ship Armor Level 2  
  169  10:45  Missile Turret x2, Refinery  
  169  10:46  Missile Turret, Refinery  
  169  10:47  Missile Turret  
  169  10:50  Missile Turret  
  169  10:57  Battlecruiser  
  173  11:11  Factory Tech Lab x3  
  173  11:15  Command Center  
  173  11:20  Battlecruiser  
  179  11:29  Battlecruiser  
  185  11:48  Battlecruiser  
  185  11:52  Siege Tank  
  185  11:53  Hellion x2  
  198  11:55  Orbital Command  
  198  12:07  Refinery  
  198  12:10  Refinery  
  198  12:12  Factory  
  198  12:14  Factory  
  198  12:18  Factory x2  
  198  12:50  Barracks  
  198  12:51  Barracks  
  198  12:54  Engineering Bay  
  198  12:55  Missile Turret, Barracks x2  
  198  12:56  Engineering Bay, Barracks  
  198  12:57  Ghost Academy  
  198  13:00  Infernal Pre-Igniter, Missile Turret  
  198  13:01  Drilling Claws  
  198  13:02  Siege Tank  
  198  13:03  Factory Tech Lab x2  
  198  13:04  Terran Ship Weapons Level 3  
  198  13:05  Terran Vehicle And Ship Armor Level 3  
  196  13:17  Siege Tank  
  193  13:28  Siege Tank  
  194  13:34  Siege Tank  
  189  13:43  Barracks Tech Lab x5  
  189  13:44  Factory Tech Lab x2  
  189  13:46  Battlecruiser x2  
  177  13:56  Widow Mine x2  
  177  13:58  Missile Turret  
  177  13:59  Missile Turret  
  177  14:02  Ghost x3  
  157  14:10  Ghost x2  
  157  14:16  Orbital Command  
  157  14:28  Cyclone  
  157  14:29  Cyclone  
  157  14:31  Marauder, Widow Mine x5  
  146  14:32  Marauder  
  146  14:38  Ghost  
  142  14:40  Missile Turret  
  142  14:43  Missile Turret  
  144  14:46  Ghost x2  
  144  14:52  Siege Tank x2, Widow Mine  
  156  14:53  Command Center  
  156  14:54  Hellion x2  
  156  14:55  Command Center  
  160  15:10  Ghost x3  
  160  15:11  Missile Turret x2  
  160  15:12  Hellion x2  
  160  15:13  Hellion  
  172  15:17  Cyclone  
  175  15:24  Cyclone  
  178  15:30  Ghost x2  
  178  15:31  Missile Turret x2  
  178  15:32  Missile Turret  
  178  15:33  Missile Turret  
  182  15:40  Ghost x2  
  182  15:42  Hellion x2, Widow Mine x2  
  194  15:55  Missile Turret x2  
  194  15:56  Ghost  
  196  15:59  Missile Turret  
  189  16:11  Refinery  
  189  16:15  Refinery  
Tags
 
Add a new tag
Caveats
  • Supply blocks, unpowered buildings, or Contaminate may cause inaccurate times.
  • Supply counts are checked every 10 seconds.